 Dungeon Crawl Stone Soup version 0.32-a0-673-g3729bd50f8 (webtiles) character file.

Game seed: 16546635159081789820

1936 hikkokomori the Covered (level 9, 0/103 HPs)
             Began as a Coglin Berserker on Mar 10, 2024.
             Was an Elder of Trog.
             Succumbed to Duvessa's poison
             ... on level 7 of the Dungeon.
             The game lasted 00:14:44 (4960 turns).

hikkokomori the Covered (Coglin Berserker)          Turns: 4960, Time: 00:14:44

Health: 0/103      AC:  5    Str: 22    XL:     9   Next: 17%
Magic:  9/9        EV: 13    Int: 10    God:    Trog [****..]
Gold:   175        SH:  0    Dex: 20    Spells: 8/8 levels left

rFire   . . .        b - +10 demon trident "Gegeehi" {vamp, ^Contam Str+3 Int+3 Dex+4}
rCold   . . .        C - +1 spear (freeze) {Haruki}
rNeg    . . .        F - +2 robe {Will+}
rPois   .            j - +0 hat
rElec   .            v - +0 cloak
rCorr   .            (no gloves)
SInv    .            (no boots)
Will    +....        (amulet unavailable) Stlth
                     (ring unavailable)
HPRegen 0.37/turn    (ring unavailable)
MPRegen 0.11/turn    (no gizmo)

%: no passive effects
@: berserking (expiring), lethally poisoned (0 -> -11), studying Armour, revved,
very quick
A: off-hand wielding, slow wielding, warmup strikes, no jewellery
a: Invent Gizmo, Renounce Religion, Berserk, Trog's Hand, Brothers in Arms


You were on level 7 of the Dungeon.
You worshipped Trog.
Trog was greatly pleased with you.
You visited 1 branch of the dungeon, and saw 7 of its levels.

You collected 201 gold pieces.
You spent 26 gold pieces at shops.

Inventory:

Hand Weapons
 a - a +0 hand axe {Zolin}
 b - the +10 demon trident "Gegeehi" (weapon) {vamp, ^Contam Str+3 Int+3 Dex+4}
   (You acquired it on level 6 of the Dungeon)

   Str+3:     It affects your strength (+3).
   Int+3:     It affects your intelligence (+3).
   Dex+4:     It affects your dexterity (+4).
   ^Contam:   It causes magical contamination when unequipped.
 c - a +0 dagger {Francisco}
 d - a +0 sling
 f - a +0 war axe
 B - a +0 dagger of flaming {Rafael}
 C - a +1 spear of freezing (offhand) {Haruki}
 G - a +0 short sword
 J - a +1 flail of draining
Missiles
 w - 6 curare-tipped darts (quivered)
Armour
 j - a +0 hat (worn)
 p - a +0 ring mail
 v - a +0 cloak (worn)
 F - a +2 robe of willpower (worn)
Wands
 E - a wand of iceblast (8)
 L - a wand of mindburst (8)
Scrolls
 o - a scroll of amnesia
 s - 2 scrolls of teleportation {unknown}
 u - 2 scrolls of fear {unknown}
 x - 2 scrolls of fog {unknown}
 y - a scroll of vulnerability {unknown}
 H - a scroll of revelation {unknown}
 I - a scroll of torment
Potions
 e - 3 potions of heal wounds
 i - a potion of lignification {unknown}
 k - 3 potions of magic
 l - a potion of mutation {unknown}
 m - 3 potions of curing
 n - 4 potions of degeneration
 q - 2 potions of enlightenment
 t - a potion of might {unknown}
 z - 2 potions of cancellation
 A - a potion of berserk rage {unknown}


   Skills:
 + Level 6.1 Fighting
 - Level 4.8(6.0) Axes
 + Level 4.8(5.7) Polearms
 - Level 3.0 Throwing
 - Level 7.0 Armour
 - Level 3.0 Dodging
 - Level 4.7 Evocations


You had 8 spell levels left.
You didn't know any spells.
Your spell library was empty.

Dungeon Overview and Level Annotations

Branches:
Dungeon (7/15)             Temple (0/1) D:7

Altars:
Ashenzari
Sif Muna
Vehumet

Shops:
D:1 *   D:3 *   D:4 (

Annotations:
D:7 Maurice


Innate Abilities, Weirdness & Mutations

You can wield a second weapon in your off-hand.
It takes a long time for you to wield or remove held weapons.
Your first few attacks do less damage.
You cannot equip rings or amulets.


Message History

Trog appreciates your killing of a magic user.
* * * LOW HITPOINT WARNING * * *
You feel very sick.
You puncture the orc with your +1 spear of freezing!
You freeze the orc.
You kill the orc!
Trog accepts your kill.
* * * LOW HITPOINT WARNING * * *
You feel very sick.
Reach: b) +10 demon trident "Gegeehi" {vamp, ^Contam Str+3 Int+3 Dex+4}
Press: ? - help, Dir - move target, f - orc
Aim: an orc, wielding a +0 hand axe (about 26% to evade the +10 demon trident "Gegeehi")
You reach to attack!
You impale the orc with the +10 demon trident "Gegeehi"!!
You feel better.
You kill the orc!
Trog accepts your kill.
* * * LOW HITPOINT WARNING * * *
You feel sick.
You are too berserk!
Reach: b) +10 demon trident "Gegeehi" {vamp, ^Contam Str+3 Int+3 Dex+4}
Press: ? - help, Dir - move target, f - Maurice
Aim: Maurice, wielding a +0 dagger of venom, wearing a +2 cloak and carrying a wand of flame (about 33% to evade the +10 demon trident "Gegeehi")
You reach to attack!
You hit Maurice with your +1 spear of freezing.
You freeze Maurice.
Maurice is lightly wounded.
You puncture Maurice with the +10 demon trident "Gegeehi"!
* * * LOW HITPOINT WARNING * * *
You feel sick.
Maurice mumbles some strange words.
Maurice flickers and vanishes!
Deactivating autopickup; reactivate with Ctrl-A.
Reach: b) +10 demon trident "Gegeehi" {vamp, ^Contam Str+3 Int+3 Dex+4}
Press: ? - help, Dir - move target You reach to attack!
You barely miss something with the +10 demon trident "Gegeehi".
You puncture something with your +1 spear of freezing!
You freeze something.
You die...

#..# #..
#..###..
#.......
#########..###..
#..........# #..
###.......^..#
#..
#....(.......#
###
#)###...###.## .
#@# #.⌠.# #.# .
#)# #...# #.. #
#){.........##
#..⌠e.of.⌠..#
##...........#
####...###..#
#.⌠.# ..# #...#
..o ..e.. #.


There were no monsters in sight!

Vanquished Creatures
  Edmund (D:6)
  Duvessa (D:7)
  A water moccasin (D:7)
  An orc warrior (D:7)
  3 ice beasts
  An ogre (D:6)
  A centaur (D:5)
  2 kobold brigands
  A scorpion (D:5)
  Dowan (D:7)
  A howler monkey (D:5)
  7 hounds
  3 jellies
  2 bombardier beetles
  2 sleepcaps
  3 orc wizards
  5 iguanas
  2 gnolls (D:2)
  5 adders
  A shadow imp (D:6)
  A dart slug (D:1)
  2 ribbon worms
  16 orcs
  5 bats
  8 endoplasms
  2 giant cockroaches
  7 goblins
  5 hobgoblins
  9 jackals
  5 quokkas
  12 ball pythons
  2 frilled lizards
  10 kobolds
  6 rats
134 creatures vanquished.

Notes
Turn   | Place    | Note
-------+----------+-------------------------------------------
     0 | D:1      | hikkokomori the Coglin Berserker began the quest for the
                  | Orb.
     0 | D:1      | Reached XP level 1. HP: 18/18 MP: 1/1
   146 | D:1      | Reached XP level 2. HP: 24/24 MP: 2/2
   211 | D:1      | Reached skill level 2 in Armour
   263 | D:1      | HP: 1/36 [constriction (1)]
   526 | D:1      | Found Tekloipuni's Assorted Antiques.
   572 | D:1      | Reached XP level 3. HP: 25/29 MP: 3/3
   806 | D:2      | Reached ** piety under Trog
  1018 | D:2      | Reached XP level 4. HP: 37/37 MP: 4/4
  1041 | D:2      | Reached skill level 3 in Armour
  1146 | D:2      | Found a faded altar of an unknown god.
  1574 | D:3      | Found a shimmering blue altar of Sif Muna.
  1574 | D:3      | Found a broken altar of Ashenzari.
  1579 | D:3      | You fall into a shaft and drop 1 floor!
  1584 | D:4      | Reached XP level 5. HP: 42/42 MP: 5/5
  1606 | D:4      | Found Mic Kowk's Antique Weapon Emporium.
  1682 | D:3      | Reached skill level 1 in Throwing
  1689 | D:3      | Reached *** piety under Trog
  1761 | D:3      | Found Ciughial's General Store.
  1769 | D:3      | Bought a scroll of identify for 26 gold pieces
  2014 | D:4      | Reached skill level 4 in Armour
  2239 | D:4      | Reached XP level 6. HP: 44/48 MP: 6/6
  2341 | D:4      | Found a radiant altar of Vehumet.
  2671 | D:5      | Entered Level 5 of the Dungeon
  2777 | D:5      | Reached skill level 1 in Polearms
  2777 | D:5      | Reached skill level 5 in Armour
  2932 | D:5      | Reached XP level 7. HP: 49/54 MP: 7/7
  3191 | D:5      | Reached skill level 1 in Evocations
  3484 | D:5      | Reached skill level 6 in Armour
  3909 | D:6      | Reached XP level 8. HP: 59/60 MP: 8/8
  4002 | D:6      | Noticed Edmund
  4010 | D:6      | Killed Edmund
  4201 | D:6      | Reached skill level 7 in Armour
  4622 | D:6      | Identified a scroll of acquirement
  4622 | D:6      | Acquired the +10 demon trident "Gegeehi" {vamp, ^Contam
                  | Str+3 Int+3 Dex+4}
  4799 | D:7      | Reached skill level 5 in Fighting
  4811 | D:7      | Reached **** piety under Trog
  4834 | D:7      | Reached XP level 9. HP: 46/68 MP: 9/9
  4916 | D:7      | Found a staircase to the Ecumenical Temple.
  4920 | D:7      | Noticed Dowan
  4920 | D:7      | Noticed Duvessa
  4936 | D:7      | Killed Dowan
  4945 | D:7      | Noticed Maurice
  4954 | D:7      | Killed Duvessa
  4957 | D:7      | HP: 4/103 [poisoned by Duvessa]
  4960 | D:7      | Succumbed to Duvessa's poison

Illustrated notes

Levels and vault maps discovered:
D:1:      evilmike_arrival_rings, layout_rooms, serial_shops,
          nicolae_shop_rolling_square, minmay_unequal
D:2:      layout_basic, ebering_ecumenical_altar_sacrificial,
          minmay_tetromino_i2
D:3:      layout_loops_cross, mainiacjoe_overflow_large_starburst, serial_shops,
          nicolae_square_shop
D:4:      layout_loops_ring, vehumet_crystals, serial_shops,
          nicolae_stop_n_shop_2
D:5:      minmay_angry_zag, layout_basic
D:6:      layout_basic, minmay_misc_feat_chi, uniq_edmund
D:7:      layout_rooms, minmay_temple_entry_junction, uniq_duvessa, uniq_maurice

Skill      XL: |  1  2  3  4  5  6  7  8  9 |
---------------+----------------------------+-----
Armour         | 2 3 4 5 6 7 |  7.0
Fighting       | 4 5 6 |  6.1
Axes           | 4 |  4.8
Throwing       | 1 2 3 |  3.0
Polearms       | 1 2 4 |  4.8
Evocations     | 3 4 |  4.7
Dodging        | 2 3 |  3.0

Action                     |  1- 3 |  4- 6 |  7- 9 || total
---------------------------+-------+-------+-------++-------
  Melee: Hand axe          |    67 |   122 |   111 ||   300
         Dagger            |    59 |    96 |       ||   155
         Spear             |       |    16 |   162 ||   178
         Demon trident     |       |       |    40 ||    40
  Throw: Dart              |       |       |     3 ||     3
 Invoke: Berserk           |     1 |     1 |     4 ||     6
  Evoke: Wand              |       |       |     2 ||     2
    Use: Scroll            |       |     4 |     8 ||    12
         Potion            |       |       |     1 ||     1
   Stab: Sleeping          |       |       |     2 ||     2
 Armour: Animal skin       |    53 |       |       ||    53
         Ring mail         |     4 |    77 |    42 ||   123
         Robe              |       |       |    58 ||    58
  Dodge: Dodged            |    55 |    73 |    66 ||   194

Table legend: (Time is in decaauts)
 A = Elapsed time spent in this place.
 B = Non-inter-level travel time spent in this place.
 C = Inter-level travel time spent in this place.
 D = Time resting spent in this place.
 E = Time spent auto-exploring this place.
 F = Levels seen in this place.
 G = Mean time per level.
                   A        B        C        D        E       F      G
               +--------+--------+--------+--------+--------+-----+--------+
         Total |   5002 |   4878 |    124 |    106 |   3746 |   7 |  714.6 |
       Dungeon |   5002 |   4878 |    124 |    106 |   3746 |   7 |  714.6 |
               +--------+--------+--------+--------+--------+-----+--------+

Top non-repeatable levels by time:
     D:5: 1214 daAuts
     D:6: 926 daAuts
     D:1: 860 daAuts
     D:4: 776 daAuts
     D:3: 605 daAuts
     D:2: 459 daAuts
     D:7: 160 daAuts
